 Dungeon Sprint DCSS version 0.31-a0-846-gb3bcc0d938 (webtiles) character file.

Game seed: 15473492608076815216

4363 sircluck the Grappler (level 10, -15/172 HPs)
             Began as a Troll Berserker on Oct 3, 2023.
             Was a High Priest of Trog.
             Demolished by a spriggan berserker
             ... wielding a +2 antimagic broad axe
              (34 damage)
             ... in the Dungeon (Sprint IV: "Fedhas' Mad Dash").
             The game lasted 00:04:04 (1058 turns).

sircluck the Grappler (Troll Berserker)             Turns: 1058, Time: 00:04:05

Health: -15/172    AC:  4    Str: 31    XL:     10   Next: 12%
Magic:  0/9        EV: 13    Int:  3    God:    Trog [*****.]
Gold:   204        SH:  0    Dex:  9    Spells: 9/9 levels left

rFire   . .          .
                       - Unarmed
rCold   . . .        (no shield)
rNeg    . . .        a - +0 animal skin
rPois   .            (helmet restricted)
rElec   .            (no cloak)
rCorr   .            (gloves unavailable)
SInv    .            (boots unavailable)
Will    .....        i - amulet of invisibility {+Inv} Stlth
                     (no ring)
HPRegen 1.28/turn    (no ring)
MPRegen 0.11/turn

%: no teleportation
@: berserking, very quick
A: large, unfitting armour, claws 3, regeneration 1, shaggy fur 1, tough skin 1
a: Renounce Religion, Evoke Invisibility, Berserk, Trog's Hand, Brothers in Arms


You were in the Dungeon.
You worshipped Trog.
Trog was extremely pleased with you.
You visited 1 branch You collected 204 gold pieces.

Inventory:

Armour
 a - a +0 animal skin (worn)
Jewellery
 i - the amulet of invisibility (around neck) {+Inv}
   (You found it in the Dungeon)

   [amulet of nothing]

   +Inv:      It lets you turn invisible.
Scrolls
 h - a scroll of acquirement {unknown}
 j - a scroll of identify {unknown}
 k - 2 scrolls of vulnerability {unknown}
Potions
 b - a potion of curing
 c - a potion of heal wounds
 d - a potion of haste
 e - 2 potions of magic
 f - a potion of berserk rage
 m - a potion of brilliance {unknown}
Miscellaneous
 l - a sack of spiders


   Skills:
 + Level 12.1 Fighting
 + Level 12.0 Dodging
 + Level 14.1 Unarmed Combat


You had 9 spell levels left.
You didn't know any spells.
Your spell library was empty.

Dungeon Overview and Level Annotations

Branches:
Dungeon (1/1)

Altars:
Cheibriados
Dithmenos
Elyvilon
Gozag
Hepliaklqana
Kikubaaqudgha
Makhleb
Nemelex Xobeh
Okawaru
Qazlal
Ru
Sif Muna
Trog
Uskayaw
Vehumet
Wu Jian
Xom
Yredelemnul
Zin
The Shining One
Jiyva
Lugonu

Shops:
D :[!:(

Annotations:
D exclusion: 2 oklob plants


Innate Abilities, Weirdness & Mutations

You are too large for most types of armour.
You have claws for hands.
Your natural rate of healing is unusually fast.
You are covered in fur. (AC +1)
You have tough skin. (AC +1)


Message History

HP restored.
Unknown command.
There is a broken door here.
A spriggan berserker comes into view.
It is wielding a +2 antimagic broad axe.
Found Qigyczu's Distillery.
The spriggan berserker shouts!
Your ogre goes berserk!
The spriggan berserker invokes Trog's protection!
There is a broken door here.
You miss the spriggan berserker.
Your claw misses the spriggan berserker.
Your ogre misses the spriggan berserker.
The spriggan berserker prays to Trog.
The spriggan berserker goes berserk!
You miss the spriggan berserker. You claw the spriggan berserker!
The spriggan berserker is lightly wounded.
The spriggan berserker hits you with a +2 antimagic broad axe!!
You feel your power leaking away.
The spriggan berserker hits your ogre with a +2 antimagic broad axe!!
Your ogre hits the spriggan berserker with a +0 giant club!!!
You closely miss the spriggan berserker.
The spriggan berserker is severely wounded.
The spriggan berserker hits you with a +2 antimagic broad axe!!!
The spriggan berserker hits your ogre with a +2 antimagic broad axe!
Your ogre dies!
Your ogre's corpse disappears in a puff of smoke!
You mangle the spriggan berserker!!
The spriggan berserker is almost dead.
The spriggan berserker hits you with a +2 antimagic broad axe!
You miss the spriggan berserker.
The spriggan berserker is almost dead.
The spriggan berserker hits you with a +2 antimagic broad axe!!
* * * LOW HITPOINT WARNING * * *
Blink to where?
Press: ? - help, Q - select action, (/) - cycle Dir - move target
As you read the scroll of blinking, it crumbles to dust.
A red film seems to cover your vision as you go berserk!
You feel yourself moving faster!
You feel mighty!
The spriggan berserker hits you with a +2 antimagic broad axe!!
You die...

#################################
...#.⌠._._._._.⌠.#.[)...#....##∩#
.[.'.._._._._._..'.)#...#....'.)#
...#..._._._._...#..###'##).[##∩#
#'##.._._._._._..#.)##∩∩.'...####
...#._._._._._.⌠.#############
...###################..P.$
####♣♣♣♣♣.)♣O###@i..+.....[
..'......♣..♣##:.#).#.P....
..#♣..♣♣♣.♣..###.##§# .P.P.
..#.♣♣..♣...♣'...#♣.♣ ####
##################.....#
..♣..♣....# ...♣.... .♣.. .....
♣.... ∩. #### ###### ##


You could see a spriggan berserker (berserk, regenerating, strong-willed).

Vanquished Creatures
  2 oklob plants (D)
  A queen bee (D)
  3 burning bushes (D)
  3 wandering mushrooms (D)
  3 scorpions (D)
  4 killer bees (D)
  5 oklob saplings (D)
  2 spriggans (D)
  A river rat (D)
  A rat (D)
25 creatures vanquished.

Vanquished Creatures (collateral kills)
  Agnes (D)
  A spriggan druid (D)
  An oklob plant (D)
3 creatures vanquished.

Vanquished Creatures (others)
  A ballistomycete spore (D)
1 creature vanquished.

Grand Total: 29 creatures vanquished

Notes
Turn   | Place    | Note
-------+----------+-------------------------------------------
     0 | D        | sircluck the Troll Berserker began the quest for the Orb.
     0 | D        | Reached XP level 1. HP: 22/22 MP: 0/0
    10 | D        | Reached XP level 2. HP: 23/31 MP: 1/1
    21 | D        | Noticed an oklob sapling
    24 | D        | Killed an oklob sapling
    24 | D        | Reached ** piety under Trog
    25 | D        | Reached skill level 4 in Unarmed Combat
    25 | D        | Reached XP level 3. HP: 39/39 MP: 2/2
    26 | D        | Noticed a scorpion
    26 | D        | Found the amulet of invisibility {+Inv}
    34 | D        | Killed a scorpion
    35 | D        | Reached skill level 5 in Unarmed Combat
    35 | D        | Reached XP level 4. HP: 15/49 MP: 3/3
   102 | D        | Reached skill level 5 in Fighting
   102 | D        | Reached skill level 5 in Dodging
   102 | D        | Reached skill level 6 in Unarmed Combat
   114 | D        | Noticed a queen bee
   127 | D        | Reached XP level 5. HP: 59/59 MP: 4/4
   128 | D        | Reached *** piety under Trog
   129 | D        | Reached skill level 7 in Unarmed Combat
   137 | D        | Killed a queen bee
   138 | D        | Reached skill level 9 in Unarmed Combat
   138 | D        | Reached XP level 6. HP: 65/72 MP: 5/5
   140 | D        | Reached XP level 7. HP: 71/79 MP: 6/6
   196 | D        | Noticed an oklob plant
   202 | D        | Killed an oklob plant
   202 | D        | Reached **** piety under Trog
   203 | D        | Reached skill level 10 in Unarmed Combat
   225 | D        | Noticed a burning bush
   233 | D        | Killed a burning bush
   234 | D        | Reached XP level 8. HP: 92/92 MP: 7/7
   243 | D        | Noticed a burning bush
   243 | D        | Noticed an oklob plant
   263 | D        | Found an opulent altar of Gozag.
   263 | D        | Found a hazy altar of Hepliaklqana.
   263 | D        | Found a burning altar of Makhleb.
   263 | D        | Found a sparkling altar of Nemelex Xobeh.
   263 | D        | Found a snail-covered altar of Cheibriados.
   263 | D        | Found a sacrificial altar of Ru.
   263 | D        | Found a shimmering blue altar of Sif Muna.
   263 | D        | Found a shimmering altar of Xom.
   263 | D        | Found a basalt altar of Yredelemnul.
   264 | D        | Found a viscous altar of Jiyva.
   264 | D        | Found a bloodstained altar of Trog.
   264 | D        | Found an ornate altar of the Wu Jian Council.
   265 | D        | Found an iron altar of Okawaru.
   265 | D        | Found a shadowy altar of Dithmenos.
   265 | D        | Found a glowing silver altar of Zin.
   266 | D        | Found an ancient bone altar of Kikubaaqudgha.
   266 | D        | Found a hide-covered altar of Uskayaw.
   267 | D        | Found a stormy altar of Qazlal.
   267 | D        | Found a white marble altar of Elyvilon.
   267 | D        | Found a glowing golden altar of the Shining One.
   268 | D        | Found a corrupted altar of Lugonu.
   268 | D        | Found a radiant altar of Vehumet.
   289 | D        | Reached ***** piety under Trog
   290 | D        | Reached skill level 11 in Unarmed Combat
   311 | D        | Identified the +6 chain mail "Suukel" {Fly Slay+3}
   342 | D        | Found Piseh's Antique Armour Shop.
   342 | D        | Found Bengaun's Book Emporium.
   353 | D        | Noticed a burning bush
   353 | D        | Noticed a wandering mushroom
   490 | D        | Noticed a wandering mushroom
   622 | D        | Identified the +5 morningstar of Growth {heavy, rElec}
                  | (Trog gifted it to you in the Dungeon)
   622 | D        | Received a gift from Trog
   623 | D        | Reached skill level 10 in Fighting
   626 | D        | Killed a burning bush
   627 | D        | Reached skill level 10 in Dodging
   630 | D        | Found Birif's Antique Weapon Emporium.
   630 | D        | Found Sogh's Book Shoppe.
   692 | D        | Noticed a wandering mushroom
   698 | D        | Killed a burning bush
   699 | D        | Reached skill level 12 in Unarmed Combat
   699 | D        | Reached XP level 9. HP: 41/102 MP: 8/8
   807 | D        | Killed an oklob plant
   888 | D        | Noticed a spriggan druid
   891 | D        | Killed a spriggan druid
   892 | D        | Reached skill level 13 in Unarmed Combat
   907 | D        | Noticed an oklob plant conjurer
   910 | D        | Killed an oklob plant conjurer
   928 | D        | Noticed an oklob plant
   928 | D        | Noticed an oklob plant summoner
   988 | D        | Noticed Agnes
   993 | D        | Killed Agnes
   994 | D        | Reached skill level 14 in Unarmed Combat
   994 | D        | Reached XP level 10. HP: 77/115 MP: 9/9
  1049 | D        | Found Qigyczu's Distillery.
  1049 | D        | Noticed a spriggan berserker
  1058 | D        | Demolished by a spriggan berserker

Illustrated notes

Levels and vault maps discovered:
D:        dungeon_sprint_fedhas [sprint_temple]

Skill      XL: |  1  2  3  4  5  6  7  8  9 |
---------------+----------------------------+-----
Fighting       | 3 4 5 7 9 10 12 | 12.1
Dodging        | 3 4 5 7 9 10 12 | 12.0
Unarmed Combat | 4 5 6 9 10 12 14 | 14.1

Action                     |  1- 3 |  4- 6 |  7- 9 | 10-12 || total
---------------------------+-------+-------+-------+-------++-------
  Melee: Unarmed           |    14 |    17 |    66 |     5 ||   102
         Punch             |       |       |     2 |     1 ||     3
 Invoke: Berserk           |       |     1 |       |     1 ||     2
         Brothers in Arms  |       |       |     2 |     1 ||     3
Ability: Evoke Invisibilit |       |       |     1 |       ||     1
    Use: Scroll            |       |       |       |     1 ||     1
 Armour: Animal skin       |    11 |    11 |    35 |     5 ||    62
  Dodge: Dodged            |     3 |    10 |    24 |       ||    37

Table legend: (Time is in decaauts)
 A = Elapsed time spent in this place.
 B = Non-inter-level travel time spent in this place.
 C = Inter-level travel time spent in this place.
 D = Time resting spent in this place.
 E = Time spent auto-exploring this place.
 F = Levels seen in this place.
 G = Mean time per level.
                   A        B        C        D        E       F      G
               +--------+--------+--------+--------+--------+-----+--------+
         Total |   1047 |   1006 |     41 |    521 |     97 |   1 | 1047.0 |
       Dungeon |   1047 |   1006 |     41 |    521 |     97 |   1 | 1047.0 |
               +--------+--------+--------+--------+--------+-----+--------+

Top non-repeatable levels by time:
       D: 1047 daAuts
